[Event "Late-Titled-Tuesday-Blitz-April-02-2024"]
[Site "Chess.com"]
[Date "2024.04.02"]
[Round "7"]
[White "TanitoluwaAps116"]
[Black "Statham_01"]
[Result "1-0"]
[WhiteElo "2800"]
[BlackElo "2615"]
[TimeControl "180+1"]
[EndTime "15:16:57 PDT"]
[Termination "TanitoluwaAps116 won on time"]

1. e4 c5 2. Nf3 Nc6 3. Bb5 g6 4. Bxc6 dxc6 5. d3 Bg7 6. h3 Nf6 7. Nc3 O-O 8. Be3 b6 9. Qd2 Re8 10.
Bh6 Bh8 11. O-O e5 12. Qg5 Nd7 13. Qg3 Bg7 14. Bxg7 Kxg7 15. Nh2 Nf6 16. Ne2 Qd6 17. Qh4 h6 18. f4 exf4 19. Nxf4 c4 20. Rf2 cxd3 21.
cxd3 Qc5 22. Nxg6 Qg5 23. Raf1 fxg6 24. Qxg5 hxg5 25. Rxf6 Be6 26. e5 Rad8 27. Nf3 Bf5 28. d4 c5 29. g4 Bd3 30. Rf2 cxd4 31. Nxg5 Bc4 32. e6 d3 33. Rf7+ Kg8 34. R2f6 Rxe6 35. Nxe6 Bxe6 36. Rf8+ Rxf8 37. Rxe6 Rd8 38. Re1 Kf7 39.
Kf2 Kf6 40. h4 Rd4 41. Kf3 d2 42. Rd1 a5 43. b3 Ke5 44. h5 Rf4+ 45. Kg3 gxh5 46.
gxh5 Rd4 47. Kf3 Kf5 48. Ke3 Re4+ 49. Kxd2 Rh4 50. Kc3 Rxh5 51. Rd5+ Kg4 52. Rxh5 Kxh5 53. Kc4 Kg6 54. Kb5 Kf7 55. Kxb6 a4 56. bxa4 Ke8 57. a5 Kd8 58. a6 Kc8 59. a7 1-0

[Event "Late-Titled-Tuesday-Blitz-April-02-2024"]
[Site "Chess.com"]
[Date "2024.04.02"]
[Round "7"]
[White "rasmussvane"]
[Black "yobdc"]
[Result "1-0"]
[WhiteElo "2887"]
[BlackElo "2589"]
[TimeControl "180+1"]
[EndTime "15:16:57 PDT"]
[Termination "rasmussvane won on time"]

1. e4 e5 2. Nf3 Nc6 3. d4 exd4 4.
Nxd4 Nf6 5. Nc3 Bb4 6. Nxc6 bxc6 7. Bd3 O-O 8. O-O d5 9. exd5 cxd5 10. h3 Re8 11.
Qf3 Rb8 12. Bf4 Bd6 13. b3 Rb4 14. Bd2 Rb7 15. Rfe1 c6 16. Bf4 Rbe7 17. Rxe7 Rxe7 18. Rd1 h6 19. Na4 Qc7 20. Bxd6 Qxd6 21. c4 g5 22. Qg3 Qxg3 23. fxg3 Be6 24. c5 Nd7 25. Kf2 Ne5 26.
Be2 f5 27. Nc3 Kg7 28. Bf3 Kf6 29. Rd2 Rb7 30. Rd4 a5 31. Be2 Rb4 32. Ke3 Nd7 33. Na4 Ke5 34. Rd2 d4+ 35. Kf2 Bd5 36. Bd3 Be4 37. Bc4 h5 38. Re2 h4 39. g4 Rxa4 40.
bxa4 Nxc5 41. gxf5 Kxf5 42. Rb2 Kf4 43. Rb8 d3 44.
Rf8+ Bf5 45. Rd8 Ne4+ 46. Ke1 d2+ 47. Ke2 Bg6 48. Rf8+ Ke5 49. Bb3 Bh5+ 50. Ke3 c5 51. Rh8 c4 52. Bc2 c3 53. Rxh5 Ng3 54. Rxg5+ Kf6 55.
Rxg3 hxg3 56. Kf3 Ke5 57. Kxg3 Kd4 58. Kf2 Kc4 59. h4 Kb4 60. Ke2 Ka3 61. h5 Kb2 62.
Kd1 1-0

[Event "Late-Titled-Tuesday-Blitz-April-02-2024"]
[Site "Chess.com"]
[Date "2024.04.02"]
[Round "7"]
[White "Revan_2002"]
[Black "Kotlyar_K"]
[Result "1-0"]
[WhiteElo "2741"]
[BlackElo "2595"]
[TimeControl "180+1"]
[EndTime "15:16:59 PDT"]
[Termination "Revan_2002 won on time"]

1. Nf3 Nf6 2. g3 g6 3. Bg2 Bg7 4. O-O O-O 5. d3 d6 6. e4 c5 7. Nc3 Nc6 8. Bf4 Bd7 9. Qd2 Re8 10. Bh6 Bh8 11. Rfe1 Ng4 12. Bg5 Nd4 13. h3 Nxf3+ 14.
Bxf3 Ne5 15. Bg2 Bxh3 16. Bf4 Bg4 17. Bxe5 Bxe5 18. Rab1 Rc8 19. Nd5 b5 20. c3 Bg7 21.
Ne3 Bd7 22. Bf3 e6 23. Kg2 h5 24. Rh1 Qf6 25. a3 Bc6 26. Rbc1 Red8 27. Qe2 d5 28. exd5 exd5 29. d4 cxd4 30. cxd4 Qxd4 31. Rc2 Ba8 32. Rd2 Qe5 33. Qxb5 Rb8 34. Qa5 Rd7 35. b4 Rbd8 36. Rhd1 h4 37. Nxd5 Bxd5 38. Bxd5 Qf6 39. gxh4 Kh8 40. Rd3 Bh6 41. Qb5 Kg7 42. Qc4 Qf4 43.
Qxf4 Bxf4 44. Kf3 Be5 45. Ke4 f6 46. f4 Bc7 47. f5 Re8+ 48. Be6 Rde7 49. Rd7 gxf5+ 50.
Kxf5 Rxd7 51. Rxd7+ Kh6 52. Rxc7 Rd8 53. Rxa7 Rd3 54.
Kxf6 Rf3+ 55. Bf5 1-0

[Event "Late-Titled-Tuesday-Blitz-April-02-2024"]
[Site "Chess.com"]
[Date "2024.04.02"]
[Round "7"]
[White "RodokininEV"]
[Black "flawian2008"]
[Result "0-1"]
[WhiteElo "2694"]
[BlackElo "2553"]
[TimeControl "180+1"]
[EndTime "15:16:59 PDT"]
[Termination "flawian2008 won on time"]

1. e4 c5 2. Nf3 Nc6 3. c3 Nf6 4. Bd3 d6 5. O-O g6 6. Re1 Bg7 7. h3 O-O 8. Bc2 e5 9. a4 a5 10. d3 Nh5 11. Na3 f5 12. Nc4 f4 13. d4 cxd4 14. cxd4 exd4 15. Bb3 Kh8 16. Na3 Ne5 17. Nb5 d3 18. Bd2 Qf6 19. Bc3 Bd7 20. Nc7 Rac8 21.
Nd5 Qd8 22. Bxe5 dxe5 23. Qxd3 Be6 24. Red1 g5 25. Qb5 g4 26. hxg4 Bxg4 27. Ne3 fxe3 28. Rxd8 exf2+ 29. Kxf2 Rcxd8 30. Rd1 Rc8 31. Kg1 Nf4 32.
Rf1 Rc6 33. Bd5 Rg6 34. Rf2 Nh3+ 35. Kf1 Nxf2 36. Kxf2 Rgf6 37. Qxb7 Bxf3 38. gxf3 Rxf3+ 39. Ke2 Rf2+ 40. Kd1 Rg2 41. Qb5 Bh6 42. Bc4 Rd8+ 43. Bd5 Rc8 44. Bc6 Bf4 45. Ke1 Rcg8 46. Bd5 Rc8 47. Bc6 Rc2 48. Bd5 Bd2+ 49. Kf1 Rf8+ 50. Ke2 Bf4+ 51. Kd1 Rd2+ 52. Ke1 Rc8 53. Bc4 Rd4 54.
b3 Rcd8 55. Ke2 Rxe4+ 56. Kf3 Re3+ 57. Kg4 Rf8 58. Qd5 Rg3+ 59. Kh5 Rg5+ 60. Kh4 Rg6 61. Kh5 Rf5+ 0-1

[Event "Late-Titled-Tuesday-Blitz-April-02-2024"]
[Site "Chess.com"]
[Date "2024.04.02"]
[Round "7"]
[White "xasid81"]
[Black "Sina_Movahed"]
[Result "1-0"]
[WhiteElo "2655"]
[BlackElo "2952"]
[TimeControl "180+1"]
[EndTime "15:17:01 PDT"]
[Termination "xasid81 won by resignation"]

1. Nf3 Nf6 2. d4 g6 3. g3 Bg7 4. Bg2 O-O 5. O-O d6 6. b3 e5 7. dxe5 dxe5 8. Qxd8 Rxd8 9. Bb2 e4 10. Ng5 Re8 11. Nd2 h6 12. Nh3 Bf5 13. Nc4 Nc6 14. Ne3 Ng4 15. Bxg7 Nxe3 16. fxe3 Kxg7 17. Nf2 g5 18. c3 Rad8 19. Rad1 Bg6 20. Rxd8 Nxd8 21. Rd1 f5 22. Rd7+ Bf7 23. Rxc7 g4 24. h3 h5 25. hxg4 hxg4 26. c4 Kf6 27. Nd1 Re7 28. Rc8 Rd7 29. Nc3 Be6 30. Ra8 Nc6 31. Kf2 Rd2 32. Bxe4 Ne5 33.
Bxb7 Rc2 34. Nd5+ Bxd5 35. Bxd5 Nd3+ 36. Kf1 Rc1+ 37. Kg2 Rc2 38. Rxa7 Rxe2+ 39. Kf1 Rxe3 40. Rf7+ Kg6 41. Rf8 Rxg3 42. Be6 Rf3+ 43. Kg1 Kg5 44. a4 Rg3+ 45. Kh2 Rh3+ 46. Kg1 Rg3+ 47. Kh2 f4 48.
Rg8+ Kh5 49. Rh8+ Kg5 50. Rg8+ Kf6 51. Rxg4 Re3 52. Bd5 Kf5 53. Rg8 Ne5 54. a5 Ng4+ 55. Kg2 Rg3+ 56. Kf1 Ne3+ 57. Ke2 Ng4 58. Rf8+ Ke5 59.
a6 Re3+ 60. Kd2 Rxb3 61. a7 Ra3 62. a8=Q Rxa8 63. Bxa8 1-0

[Event "Late-Titled-Tuesday-Blitz-April-02-2024"]
[Site "Chess.com"]
[Date "2024.04.02"]
[Round "7"]
[White "ArtemDyachuk"]
[Black "karinachess1"]
[Result "1-0"]
[WhiteElo "2789"]
[BlackElo "2614"]
[TimeControl "180+1"]
[EndTime "15:17:01 PDT"]
[Termination "ArtemDyachuk won on time"]

1. d4 Nf6 2. c4 e6 3. Nc3 d5 4. cxd5 exd5 5. Bg5 c6 6. e3 Be7 7. Bd3 Nbd7 8. Qc2 h6 9. Bh4 Nh5 10. Bxe7 Qxe7 11. Nge2 Nb6 12. O-O O-O 13. Rae1 Re8 14. Nc1 Qg5 15. Qd2 Bf5 16. Bxf5 Qxf5 17. f3 Nc4 18.
Qf2 Nf6 19. b3 Nd6 20. N1e2 Qd3 21. Nd1 Re7 22. Nf4 Qh7 23. Nb2 Rae8 24. Nfd3 Nd7 25. Re2 Qg6 26. Nf4 Qf6 27. Rfe1 Nf5 28. Nbd3 g6 29. g3 h5 30. Ng2 Nd6 31. Nb4 Re6 32.
Nf4 R6e7 33. Nc2 Qg5 34. Kh1 Nf6 35. Ng2 Qf5 36. Nb4 Kg7 37. Nh4 Qd7 38. Nd3 Qe6 39. Ng2 Nd7 40. Ngf4 Qf6 41. Ng2 a6 42. h4 Kg8 43.
Kh2 Kg7 44. Ndf4 Kg8 45. Nh3 Nf5 46. Ng5 Nd6 47. Nf4 Kg7 48. e4 dxe4 49. fxe4 Kg8 50. e5 Nxe5 51. dxe5 Rxe5 52. Rxe5 Rxe5 53. Rf1 Rf5 54.
Qd2 Kg7 55. Rd1 Nb5 56. a4 Nc3 57. Re1 Nd5 58. Re4 Qd6 59. Qd4+ f6 60. Re6 1-0

[Event "Late-Titled-Tuesday-Blitz-April-02-2024"]
[Site "Chess.com"]
[Date "2024.04.02"]
[Round "7"]
[White "CarlosjPineror"]
[Black "ameetghasi100"]
[Result "1/2-1/2"]
[WhiteElo "2683"]
[BlackElo "2798"]
[TimeControl "180+1"]
[EndTime "15:17:02 PDT"]
[Termination "Game drawn by repetition"]

1. e4 d6 2. d4 g6 3. Nc3 Bg7 4. Be3 a6 5. f3 b5 6. Qd2 Nd7 7. h4 h6 8. a4 b4 9. Nce2 c5 10. c3 bxc3 11. bxc3 Ngf6 12. a5 Qc7 13. d5 Ne5 14. Ng3 Rb8 15. h5 g5 16. Be2 Rb3 17.
Nh3 Bxh3 18. gxh3 e6 19. dxe6 fxe6 20. O-O O-O 21. Bxa6 Nfd7 22. Be2 Rxc3 23. a6 Nc6 24. Kg2 Bd4 25. Bxd4 cxd4 26. a7 Ra8 27. Bb5 Nde5 28.
Ne2 Rxa7 29. Nxc3 Rxa1 30. Rxa1 Qf7 31. Be2 dxc3 32. Qxc3 Qf4 33. Ra8+ Kg7 34. Ra6 Ne7 35. Rxd6 Qf6 36. Ra6 Kf7 37. Bc4 N7c6 38. Bb5 Ne7 39. Ra7 Qf4 40. Rc7 Kf6 41. Be2 Kf7 42. Ra7 Qf6 43.
Ra8 Nd7 44. Qxf6+ Nxf6 45. Ra7 Nxh5 46. Bc4 Kf6 47. Ra6 Nf4+ 48. Kg3 Neg6 49. Ra7 h5 50.
Bf1 Ne5 51. Rh7 h4+ 52. Kf2 Neg6 53. Ra7 Ke5 54. Ra5+ Kf6 55. Ra7 Nh5 56. Ra5 Ngf4 57. Rb5 Ng3 58. Rb8 Nh1+ 59. Kg1 Ng3 60. Kf2 Nxf1 61. Kxf1 Nxh3 62. Rf8+ Kg7 63. Re8 Nf4 64. Kf2 Kf7 65. Rh8 Ng6 66. Rb8 Kf6 67. Rb7 Nf4 68. Rb5 Nh3+ 69. Kg2 Nf4+ 70. Kf2 Nd3+ 71. Ke3 Nf4 72.
Kf2 1/2-1/2

[Event "Late-Titled-Tuesday-Blitz-April-02-2024"]
[Site "Chess.com"]
[Date "2024.04.02"]
[Round "7"]
[White "anasta10"]
[Black "WCM-Mexicana"]
[Result "0-1"]
[WhiteElo "2566"]
[BlackElo "2459"]
[TimeControl "180+1"]
[EndTime "15:17:04 PDT"]
[Termination "WCM-Mexicana won by checkmate"]

1. Nf3 d5 2. d4 Nf6 3. c4 c5 4. cxd5 cxd4 5. Qxd4 Qxd5 6. Nc3 Qxd4 7. Nxd4 e5 8. Nf3 Nfd7 9. Bd2 Bb4 10. Nb5 Bxd2+ 11. Kxd2 Na6 12. Rc1 f6 13. e3 Ke7 14. Nc3 Rd8 15. Bxa6 Nc5+ 16. Ke2 Nxa6 17. a3 Bg4 18. b4 Rac8 19. Nb5 e4 20. Rxc8 exf3+ 21. gxf3 Bxc8 22. Rc1 Bd7 23. Nd4 Rc8 24. Rg1 g6 25. h4 Rc3 26. h5 Kf7 27. hxg6+ hxg6 28. Rh1 Kg7 29. Ra1 Nc7 30. Kd2 Rc4 31. Kd3 b5 32. a4 a6 33.
axb5 axb5 34. Ra7 Kf8 35. Rb7 Ke7 36. Ra7 Kd8 37. Nc2 Nd5 38. Ra8+ Kc7 39. Ra6 Nxb4+ 40.
Nxb4 Rxb4 41. Rxf6 Ra4 42. e4 Ra3+ 43. Kc2 b4 44.
Kb2 Rd3 45. f4 Rf3 46. e5 Kd8 47. Rxg6 Rxf2+ 48. Kb3 Rxf4 49. Rd6 Ke7 50. Rb6 Be6+ 51. Kb2 b3 52. Rb7+ Kf8 53. Rb6 Kf7 54. Ra6 Re4 55. Ra5 Kg6 56. Ra6 Kf5 57. Rb6 Rxe5 58. Rb4 Re2+ 59. Kc3 Rc2+ 60. Kd3 Rc5 61. Rb6 Ke5 62. Rb8 Bf5+ 63. Kd2 Rc2+ 64. Kd1 Be6 65. Rb5+ Kd4 66. Rh5 Bd5 67. Rh4+ Be4 68. Rh8 Bd5 69. Rd8 Rh2 70.
Rb8 Kc3 71. Rc8+ Bc4 72. Rb8 Rh1# 0-1

[Event "Late-Titled-Tuesday-Blitz-April-02-2024"]
[Site "Chess.com"]
[Date "2024.04.02"]
[Round "7"]
[White "DirtyKabab"]
[Black "NitaLucian"]
[Result "1/2-1/2"]
[WhiteElo "2547"]
[BlackElo "2347"]
[TimeControl "180+1"]
[EndTime "15:17:09 PDT"]
[Termination "Game drawn - insufficient material"]

1. e4 d6 2. d4 Nf6 3. Nc3 e5 4. Nge2 Be7 5. g3 O-O 6. Bg2 c6 7. O-O b5 8. a3 Bb7 9. h3 a5 10.
Be3 b4 11. axb4 axb4 12. Rxa8 Bxa8 13. dxe5 dxe5 14. Na4 Qa5 15. Nb6 Bb7 16. Nc4 Qa2 17. b3 Rd8 18. Qb1 Qxb1 19. Rxb1 Nbd7 20. Ra1 Ra8 21.
Rxa8+ Bxa8 22. f4 c5 23. Nd2 Ne8 24. Nc1 exf4 25. gxf4 Bc6 26. Nd3 Bb5 27. e5 Bxd3 28.
cxd3 Nc7 29. Nc4 f6 30. Bc6 Nb8 31. Be4 fxe5 32. fxe5 g6 33. Kg2 Kf7 34. d4 cxd4 35. Bxd4 Ke6 36. Bb6 Nd5 37. Bd4 Nd7 38. Kf3 Bc5 39. Bb2 Nc3 40. Bc2 Nxe5+ 41. Nxe5 Kxe5 42. h4 Bd4 43. Bc1 Nd5 44. Bd2 Bc3 45. Bg5 Ke6 46.
Kg4 Bf6 47. Bd2 Kd6 48. h5 gxh5+ 49. Kxh5 Bc3 50. Bg5 Nc7 51. Bxh7 Ne6 52. Be3 Bd4 53. Bd2 Kc5 54. Kg4 Bc3 55. Be3+ Nd4 56. Bc1 Kd5 57. Bd3 Nxb3 58. Bg6 Kd4 59. Bf4 Nc5 60. Bg3 Nd3 61. Bf2+ Kc4 62. Kf3 Kb5 63. Bxd3+ Ka4 64. Bc2+ Ka3 65. Bb1 b3 66. Be4 Kb2 67. Ke2 Kc1 68.
Bd5 b2 69. Be4 b1=Q 70. Bxb1 Kxb1 1/2-1/2

[Event "Late-Titled-Tuesday-Blitz-April-02-2024"]
[Site "Chess.com"]
[Date "2024.04.02"]
[Round "7"]
[White "Akhayan"]
[Black "only_strong_moves"]
[Result "0-1"]
[WhiteElo "2447"]
[BlackElo "2729"]
[TimeControl "180+1"]
[EndTime "15:17:10 PDT"]
[Termination "only_strong_moves won on time"]

1. e4 e5 2. Bc4 Nf6 3. d3 c6 4. Nf3 Bd6 5. O-O Bc7 6. Bb3 h6 7. Nc3 O-O 8. Be3 a6 9. Qd2 Ng4 10. d4 Nxe3 11. fxe3 d6 12. Kh1 Nd7 13. Rad1 Qe7 14.
Qf2 Nf6 15. Qh4 b5 16. a3 a5 17. Ne2 Re8 18. Ng3 Ng4 19. Qxe7 Rxe7 20. Rde1 Nf6 21.
Nh4 c5 22. Nhf5 Re8 23. Nxh6+ gxh6 24. Rxf6 c4 25. Ba2 Re6 26. Nh5 Rxf6 27. Nxf6+ Kf8 28. Nd5 Bd8 29. a4 Ba6 30. axb5 Bxb5 31. Nc3 Ba6 32. b3 Rc8 33. Nd5 cxb3 34. Bxb3 Bb5 35. Ra1 Bc4 36. h3 Bxb3 37. cxb3 Rb8 38. Ra3 Rc8 39. Kg1 Rc2 40. Kh2 Rb2 41. Kg3 Kg7 42.
Kg4 Kg6 43. h4 h5+ 44. Kf3 f5 45. exf5+ Kxf5 46. e4+ Ke6 47. dxe5 Kxe5 48. g4 hxg4+ 49. Kxg4 Rg2+ 50. Kf3 Rh2 51. Ne3 Rh3+ 52. Ke2 Rxh4 53. Nc4+ Kxe4 54. Nxa5 Rh2+ 55. Kf1 d5 56. b4 d4 57. Nc6 Bf6 58. Kg1 Rb2 59. Nxd4 Bxd4+ 60. Kf1 Be3 61. b5 Kf3 62. Ra1 Rh2 0-1

[Event "Late-Titled-Tuesday-Blitz-April-02-2024"]
[Site "Chess.com"]
[Date "2024.04.02"]
[Round "7"]
[White "chessydotcom"]
[Black "Mikhal867"]
[Result "0-1"]
[WhiteElo "2311"]
[BlackElo "2524"]
[TimeControl "180+1"]
[EndTime "15:17:10 PDT"]
[Termination "Mikhal867 won on time"]

1. e4 g6 2. d4 Bg7 3. c3 d6 4. Bd3 e5 5. Ne2 Nf6 6. O-O O-O 7. f4 Nc6 8. d5 Ne7 9. fxe5 dxe5 10. Bg5 Nh5 11.
Qd2 f6 12. Bh6 c6 13. Bxg7 Kxg7 14. c4 g5 15. Ng3 Nf4 16. Nc3 h5 17. Be2 h4 18. Nh5+ Kh6 19. Nxf4 exf4 20. Rad1 Ng6 21. d6 Ne5 22. c5 b6 23. b4 a5 24. a3 axb4 25.
axb4 bxc5 26. bxc5 Qa5 27. Qd4 Be6 28. Bf3 Nd7 29.
h3 Qxc5 30. Qxc5 Nxc5 31. Rc1 Nd7 32. Ne2 c5 33. Rfd1 Ra6 34. Nc3 Ne5 35. Be2 Rb6 36. Nd5 Bxd5 37. Rxd5 Rd8 38. Rcd1 c4 39. d7 Rb7 40.
Rc1 Rbxd7 41. Rxd7 Rxd7 42. Rc2 Rc7 43. Kf2 c3 44.
Ke1 Kg7 45. Bb5 Rc5 46. Be8 Kf8 47. Bh5 Nc6 48. Bd1 Nd4 49. Rc1 c2 50. Bxc2 Rxc2 51.
Rd1 Rc4 52. Kf2 Nc6 53. Rd6 Kf7 54. Rd7+ Ke6 55. Rc7 Ne5 56. Ra7 Rc2+ 0-1

[Event "Late-Titled-Tuesday-Blitz-April-02-2024"]
[Site "Chess.com"]
[Date "2024.04.02"]
[Round "7"]
[White "ninguno46"]
[Black "GaiozNigalidze"]
[Result "0-1"]
[WhiteElo "2591"]
[BlackElo "2727"]
[TimeControl "180+1"]
[EndTime "15:17:12 PDT"]
[Termination "GaiozNigalidze won on time"]

1. e4 e5 2. Nf3 Nc6 3. d4 exd4 4. Bc4 Bc5 5. c3 d3 6. Qxd3 d6 7. b4 Bb6 8. Nbd2 Nf6 9. O-O O-O 10.
a4 a5 11. b5 Ne7 12. Ba3 Nd7 13. Ba2 Ng6 14. Nc4 Bc5 15. Bb2 Qf6 16. Nd4 Nf4 17.
Qf3 Ne5 18. Nxe5 dxe5 19. Nf5 g6 20. c4 gxf5 21. Qxf4 exf4 22. Bxf6 fxe4 23. Rae1 Bf5 24. Rd1 c6 25. Bb1 Rfe8 26. Kh1 Re6 27. Bb2 Rae8 28.
Rde1 Bg6 29. Re2 e3 30. f3 Bxb1 31. Rxb1 Rd6 32. g3 Rd5 33. Rbe1 Rd3 34. gxf4 f5 35. Rg2+ Kf7 36. Rg7+ Ke6 37. Rxh7 Bd4 38. Bxd4 Kd6 39.
Rxe3 Rd1+ 40. Kg2 Rg8+ 41. Kh3 Rxd4 42. Re5 Rxf4 43. Ree7 Kc5 44. Rh6 Rxf3+ 45. Kh4 Rf4+ 46. Kh5 Rf3 47. h4 Rf4 48. Rf6 Rxc4 49. Rh6 Kb4 50.
bxc6 bxc6 51. Rb7+ Kxa4 52. Rf7 f4 53. Rf5 f3 54. Rhf6 f2 55. Rxf2 Rc5+ 56. R2f5 Kb5 57. Rxc5+ Kxc5 58. Rg6 Rh8+ 59. Kg5 Rc8 60. h5 a4 61. h6 a3 62. Rg7 Rh8 63. h7 a2 64.
Rg8 Rxh7 65. Rh8 Rxh8 0-1

[Event "Late-Titled-Tuesday-Blitz-April-02-2024"]
[Site "Chess.com"]
[Date "2024.04.02"]
[Round "7"]
[White "Squirlolz"]
[Black "emeli_chess"]
[Result "1/2-1/2"]
[WhiteElo "2572"]
[BlackElo "2429"]
[TimeControl "180+1"]
[EndTime "15:17:16 PDT"]
[Termination "Game drawn by repetition"]

1. e4 e5 2. Nf3 Nc6 3. Bc4 Nf6 4. d3 Be7 5. O-O O-O 6. a4 a5 7. Nc3 d6 8. h3 Be6 9. Nd5 Bxd5 10. exd5 Nd4 11. c3 Nxf3+ 12. Qxf3 Nd7 13. Be3 Bg5 14. d4 Bxe3 15. fxe3 f5 16. Qg3 e4 17.
Rf2 g6 18. Bb3 Kh8 19. c4 b6 20. Rc1 Rb8 21. Bd1 Nf6 22. Qh4 Ng8 23. Qg3 Qf6 24.
Qh2 Qh4 25. g3 Qh6 26. Rc3 Nf6 27. g4 fxg4 28. Bxg4 Nxg4 29. hxg4 Qxh2+ 30. Rxh2 Rf3 31. Rf2 Rbf8 32. Rxf3 Rxf3 33. Kg2 h5 34. gxh5 gxh5 35. c5 bxc5 36. dxc5 dxc5 37. Rxc5 Rxe3 38. Rxc7 Rd3 39.
Rc5 h4 40. Rxa5 Rd2+ 41. Kh3 e3 42. Ra8+ Kg7 43. Re8 Rxb2 44. Rxe3 Rd2 45. Re5 Kf6 46.
Re6+ Kf7 47. Kxh4 Rxd5 48. Re4 Kf6 49. Kg4 Re5 50. Rd4 Ke6 51. Kf4 Rd5 52. Rb4 Kd6 53. Ke4 Rd1 54. Rc4 Ra1 55. Kd4 Ra3 56. Ke4 Ke6 57. Kd4 Kd6 58. Ke4 Ke6 59. Rb4 Kd6 60. Kd4 Kc6 61. Kc4 Ra1 62. Kc3 Kc5 63. Rb5+ Kc6 64.
Kb4 Rb1+ 65. Ka5 Rxb5+ 66. axb5+ Kb7 67. Kb4 Kb6 68. Kc4 Kb7 69. Kc5 Kc7 70. Kb4 Kb6 71.
Ka4 Kb7 72. Ka5 Ka7 73. Kb4 Kb6 1/2-1/2

[Event "Late-Titled-Tuesday-Blitz-April-02-2024"]
[Site "Chess.com"]
[Date "2024.04.02"]
[Round "7"]
[White "Kirill_Klukin"]
[Black "VD_coach"]
[Result "1/2-1/2"]
[WhiteElo "2784"]
[BlackElo "2588"]
[TimeControl "180+1"]
[EndTime "15:17:19 PDT"]
[Termination "Game drawn by repetition"]

1. d4 Nf6 2. Nf3 g6 3. e3 Bg7 4. Be2 O-O 5. O-O d6 6. c4 Nbd7 7. Nc3 e5 8. Qc2 Re8 9. b4 exd4 10. Nxd4 Nf8 11. Bb2 Ne6 12. Nf3 h6 13. Rfd1 a5 14.
a3 axb4 15. axb4 Rxa1 16. Bxa1 Ng5 17. Nxg5 hxg5 18. h3 g4 19. hxg4 Bxg4 20. c5 Bxe2 21. Qxe2 d5 22. Qb5 c6 23. Qxb7 Ng4 24. Qxc6 Rxe3 25.
Qxd5 Qxd5 26. Nxd5 Re2 27. Bxg7 Kxg7 28. Rc1 Nxf2 29.
Nf4 Rb2 30. c6 Ne4 31. c7 Nd6 32. c8=Q Nxc8 33. Rxc8 Rb1+ 34. Kh2 Rxb4 35. Nh3 Rb3 36. Rc7 Rb4 37. Ng5 Kf6 38. Nxf7 Rh4+ 39. Kg3 Rh7 40. Kg4 Rxf7 41. Rc6+ Kg7 42. Kg5 Rf5+ 43. Kh4 Rf6 44. Rc7+ Rf7 45. Rc4 Rf5 46. Kg4 Rf7 47. g3 Rf6 48. Rc5 Rf7 49. Kg5 Re7 50. g4 Rd7 51. Rb5 Re7 52. Rd5 Rc7 53. Re5 Rb7 54. Rc5 Ra7 55.
Kf4 Ra4+ 56. Kg5 Ra7 57. Rb5 Rc7 58. Kh4 Rd7 59. Kg3 Re7 60. Kf4 Rf7+ 61. Kg5 Rd7 62. Rb6 Rd5+ 63. Kf4 Rc5 64. Kg3 Ra5 65. Rd6 Kh6 66. Kf4 Ra4+ 67. Kg3 Ra5 68. Rb6 Kg5 69. Rb3 Rd5 70. Rc3 Re5 71. Rd3 Rc5 72. Re3 Rb5 73. Rd3 Ra5 74. Rc3 Rd5 75. Rb3 Re5 76. Rc3 Rd5 77. Kf3 Re5 78. Kg3 Rd5 1/2-1/2

[Event "Late-Titled-Tuesday-Blitz-April-02-2024"]
[Site "Chess.com"]
[Date "2024.04.02"]
[Round "7"]
[White "Mariia89"]
[Black "ploxoi"]
[Result "0-1"]
[WhiteElo "2276"]
[BlackElo "2462"]
[TimeControl "180+1"]
[EndTime "15:17:23 PDT"]
[Termination "ploxoi won on time"]

1. d4 d5 2. c4 e6 3. Nc3 c6 4. e3 Nf6 5. Bd3 Nbd7 6. Nf3 dxc4 7. Bxc4 b5 8. Bd3 Bb7 9. e4 b4 10. Na4 c5 11. e5 Nd5 12. Bg5 Qa5 13. O-O cxd4 14.
Nxd4 Nxe5 15. Bb5+ Nd7 16. Bxd7+ Kxd7 17. Nf3 Bd6 18.
Be3 Nxe3 19. fxe3 f6 20. Rc1 Rhd8 21. Nc5+ Ke7 22. Nxb7 Bxh2+ 23. Kh1 Rxd1 24. Nxa5 Rxf1+ 25. Rxf1 Bd6 26. Rc1 Kd7 27. Kg1 g5 28. Kf2 h5 29.
Nd4 Be5 30. b3 h4 31. Rd1 Ke8 32. Nxe6 Kf7 33. Nc5 Rc8 34. Rd7+ Kg6 35. Nab7 Bg3+ 36. Kf3 Rc6 37. e4 f5 38. Rd5 g4+ 39. Ke3 f4+ 40. Kd4 Bf2+ 41. Kc4 h3 42. gxh3 gxh3 43. e5 h2 44. Rd1 Bg1 45. Rf1 h1=Q 46. e6 Bxc5 47. Nxc5 Qe4+ 48. Kb5 Qe2+ 49. Kxc6 Qxf1 50. e7 Qh1+ 51. Kd7 Qd5+ 52. Kc7 Qxc5+ 53. Kd8 Qxe7+ 54. Kxe7 f3 55. Kd6 f2 56. Kc5 f1=Q 57. Kxb4 Qa6 58.
a4 Qb6+ 59. Ka3 a5 60. b4 Qxb4+ 61. Ka2 Qxa4+ 62. Kb1 Qb3+ 63. Ka1 Qe3 64. Ka2 a4 65. Ka1 Qf2 66. Kb1 a3 67. Kc1 Qb2+ 68. Kd1 a2 0-1

[Event "Late-Titled-Tuesday-Blitz-April-02-2024"]
[Site "Chess.com"]
[Date "2024.04.02"]
[Round "7"]
[White "sacrifoice"]
[Black "kleber2007"]
[Result "1-0"]
[WhiteElo "2297"]
[BlackElo "2460"]
[TimeControl "180+1"]
[EndTime "15:17:24 PDT"]
[Termination "sacrifoice won by checkmate"]

1. e4 c5 2. Nf3 g6 3. c3 Bg7 4. d4 cxd4 5. cxd4 d5 6. e5 Nc6 7.
Nc3 f6 8. exf6 Nxf6 9. Be3 O-O 10. Be2 Bg4 11. O-O Rc8 12. Re1 e6 13. h3 Bxf3 14.
Bxf3 Qb6 15. Qd2 Ne8 16. Rad1 Nd6 17. b3 Nf5 18. Bg4 Ncxd4 19. Bxf5 Rxc3 20. Bxe6+ Qxe6 21. Bxd4 Qc6 22. Qxc3 Qxc3 23. Bxc3 Bxc3 24. Re7 d4 25. Rxb7 Re8 26. Kf1 a5 27. Rd7 Ra8 28. R1xd4 Bxd4 29. Rxd4 Kg7 30. Ra4 h5 31. b4 Rc8 32. Rxa5 Rc1+ 33. Ke2 Rc2+ 34. Ke3 Rb2 35. a3 Kf6 36. g4 h4 37. g5+ Ke6 38. Kf3 Kf7 39. Ra6 Kg7 40.
Kg4 Rxf2 41. Kxh4 Rf3 42. Kg4 Rc3 43. Ra7+ Kg8 44. b5 Kh8 45. b6 Rc4+ 46. Kf3 Rc3+ 47.
Ke4 Rc4+ 48. Ke5 Rc5+ 49. Kf6 Rc6+ 50. Kf7 Rxb6 51. h4 Kh7 52. a4 Rc6 53. a5 Rd6 54. a6 Rb6 55. Kf8+ Kh8 56. Ra8 Rc6 57. a7 Ra6 58. Kf7+ Kh7 59. Re8 Rxa7+ 60. Re7 Ra6 61. Re6 Ra7+ 62. Kf6 Ra4 63. Re7+ Kg8 64. Kxg6 Kf8 65. Rh7 Ra6+ 66. Kh5 Kg8 67. g6 Ra5+ 68. Kh6 Ra4 69. h5 Ra5 70. Rc7 Rb5 71. Rc8# 1-0

[Event "Late-Titled-Tuesday-Blitz-April-02-2024"]
[Site "Chess.com"]
[Date "2024.04.02"]
[Round "7"]
[White "Hirna2005"]
[Black "Quattroporte300"]
[Result "1-0"]
[WhiteElo "2340"]
[BlackElo "2478"]
[TimeControl "180+1"]
[EndTime "15:17:25 PDT"]
[Termination "Hirna2005 won on time"]

1. e4 c5 2. c3 d5 3. exd5 Qxd5 4. Nf3 Nf6 5. Na3 Nc6 6. Bc4 Qd8 7. O-O e6 8. Re1 a6 9. Nc2 b5 10. Bf1 Be7 11. a4 Bb7 12. axb5 axb5 13. Rxa8 Qxa8 14.
Bxb5 O-O 15. Bf1 Rd8 16. Qe2 h6 17. d4 cxd4 18. Ncxd4 Nxd4 19. Nxd4 Bd6 20. h3 Nd5 21. Qg4 Kh7 22. Bd3+ Kh8 23. Qh4 Bf8 24. Be4 Be7 25. Qg3 Bd6 26. Qd3 Nf4 27. Bxf4 Bxf4 28. g3 Bg5 29.
Bxb7 Qxb7 30. Qe2 Bf6 31. Nf3 Qd5 32. Ne5 Kg8 33. c4 Qc5 34. b4 Qc7 35. c5 Rd4 36. b5 Qxc5 37. Nxf7 Kxf7 38. Qxe6+ Kg6 39. b6 Rb4 40. b7 Rb2 41. Qe4+ Qf5 42. Qg2 Bd4 43. Rf1 Qf6 44. Qe4+ Qf5 45. Qxd4 Rxb7 46. Qd6+ Kh7 47. Kg2 Rf7 48. Qc6 Rf6 49. Qb7 Rf7 50. Qb2 Qe4+ 51. Kg1 g6 52. h4 h5 53. Rc1 Qd5 54. Qe2 Qf5 55. Rc3 Rf6 56. Kg2 Rf7 57. Rf3 Qxf3+ 58. Qxf3 Rxf3 59. Kxf3 Kg7 60. Ke4 Kf7 61. Ke5 Ke7 62.
f3 Kf7 63. Kd6 Kf6 64. Kd7 Ke5 65. Ke7 Kf5 66. Kf7 g5 67. hxg5 Kxg5 68. Ke6 Kg6 69. f4 Kg7 70. Kf5 Kf7 71. Kg5 1-0

[Event "Late-Titled-Tuesday-Blitz-April-02-2024"]
[Site "Chess.com"]
[Date "2024.04.02"]
[Round "7"]
[White "trriinu"]
[Black "Der_Balak_3Halak"]
[Result "1-0"]
[WhiteElo "2288"]
[BlackElo "2418"]
[TimeControl "180+1"]
[EndTime "15:17:27 PDT"]
[Termination "trriinu won by checkmate"]

1. e4 e6 2. Qe2 d5 3. g3 dxe4 4. Qxe4 Nf6 5. Qf3 Bc5 6. d3 Nc6 7. Bg2 O-O 8. Nc3 e5 9. Bg5 Be7 10. h3 h6 11. Be3 Nd4 12. Qd1 c6 13. Nce2 Re8 14. c3 Nf5 15. Nf3 Nxe3 16. fxe3 Bc5 17. d4 Bb6 18. Nxe5 Nd5 19. Qb3 Be6 20. c4 Nf6 21. O-O Nd7 22. Nxd7 Qxd7 23. Nf4 Bf5 24. c5 Ba5 25. Rf2 Be4 26. Raf1 Bxg2 27. Kxg2 Re7 28.
Nh5 Rae8 29. Rf3 Bd2 30. e4 Rf8 31. e5 Qxd4 32. Rd3 Qe4+ 33. Rff3 Be1 34. Nf4 Qxe5 35. Rde3 Qxe3 36. Rxe3 Rxe3 37. Qxe3 Ba5 38. Qe7 b6 39.
cxb6 axb6 40. Qd7 c5 41. Nd3 Bd2 42. Ne5 Bg5 43. Nc6 b5 44. Ne7+ Kh8 45. Nf5 b4 46. Qc6 g6 47. Nd6 Be3 48. Ne4 Rd8 49. Qf6+ Kh7 50.
Qxd8 Bd4 51. Qd7 Kg7 52. Nd6 Kf6 53. Qxf7+ Ke5 54. Qxg6 Bxb2 55. Nf7+ Kd5 56. Qxh6 c4 57. Qg5+ Ke4 58. Qf4+ Kd3 59. Qf3+ Kc2 60. Nd6 c3 61.
Nb5 Bc1 62. Nd4+ Kb2 63. Qe2+ Bd2 64. g4 Kxa2 65. Qd3 b3 66. Qc4 Kb2 67. Qxb3+ Kc1 68. Qc2# 1-0